cohdb
Replays
Latest Replays
All Replays
Popular Replays
Top Player Replays
Match Explorer
How It Works
Community
CoH3 Stats
Reddit
Sign in to upload your games and track your stats! →
Sign in with Steam
Match 42634328
Unlisted
Match 42634328
Overview
Messages
Build Orders
End
Construct Barracks
Riflemen Squad
M1 Mortar Team
Riflemen Squad
Engineer Squad
Construct Medical Station
Infantry Support Center
Construct Motor Pool
M24 Chaffee Light Tank
M1 Anti-tank Gun Team
Grenade Package
M1918 Browning Automatic Rifles
Riflemen Squad
Selects Heavy Weapons
Selects Heavy Weapons
Selects Assault Carriers
Selects Exchangeable Parts
M1 Mortar Team
Construct Tank Depot
Engineer Squad
Selects M26 Pershing Heavy Tank
Selects M26 Pershing Heavy Tank
M26 Pershing Heavy Tank
Survival Training
Sleepy Gary
dan legend
Osha Marine
RECACE
MisterMattress
thep00ka
0
0
Comments
sign in to comment!
No comments posted yet!